 Dungeon Crawl Stone Soup version 0.16-a0-1243-g6e0463c (webtiles) character file.

159324 Kashira the Severer (level 17, -3/91 HPs)
             Began as a Vine Stalker Berserker on Oct 13, 2014.
             Was an Elder of Trog.
             Slain by Wiglaf
             ... wielding a +4 war axe of draining
              (12 damage)
             ... on level 5 of the Snake Pit.
             The game lasted 02:32:57 (22781 turns).

Kashira the Severer (Vine Stalker Berserker)       Turns: 22781, Time: 02:33:06

Health: -3/91      AC: 21    Str: 21    XL:     17   Next: 10%
Magic:  0/32       EV:  6    Int:  7    God:    Trog [****..]
Gold:   1617       SH:  0    Dex: 18    Spells: 0 memorised, 16 levels left

rFire  + . .     SeeInvis .     Y - +4 battleaxe (elec)
rCold  . . .     Rnd*Rage +     b - +2 plate armour {rPois}
rNeg   . . .     SustAb   .     (no shield)
rPois  +         Gourm    .     (no helmet)
rElec  .         Spirit   +     B - +0 cloak
rCorr  .         Warding  .     S - +2 pair of gloves
rMut   .         Stasis   .     t - +0 pair of boots
MR     ++...                    d - amulet of regeneration
Stlth  ..........               r - ring of protection from fire
                                A - ring of flight

@: lethally poisoned, exhausted, very slightly contaminated, hasted and slowed,
heavily drained, very resistant to hostile enchantments, extremely unstealthy
A: fangs 3, thin skeletal structure 1, berserk 3, dopey 2, mutation resistance
2, sense surroundings 1, regeneration 3, magic shield, antimagic bite, no device
heal 3, rot immunity
a: Burn Spellbooks, Berserk, Trog's Hand, Brothers in Arms, Renounce Religion,
Evoke Flight
}: 2/15 runes: serpentine, barnacled


You were on level 5 of the Snake Pit.
You worshipped Trog.
Trog was greatly pleased with you.
You were near starving.

You visited 5 branches of the dungeon, and saw 31 of its levels.
You also visited: Bailey.

You collected 3718 gold pieces.
You spent 2101 gold pieces at shops.

Inventory:

Hand weapons
 a - the +6 eveningstar "Rotabie" {drain, rElec rPois}
   (You took it off a naga warrior on level 5 of the Snake Pit)

   A truly terrible weapon, it drains the life of those it strikes.
   It insulates you from electricity.
   It protects you from poison.
 Q - a +1 broad axe of freezing
 Y - a +4 battleaxe of electrocution (weapon)
Missiles
 E - a javelin (quivered)
 F - 3 silver javelins
 H - 22 poisoned javelins
Armour
 b - a +2 plate armour of poison resistance (worn)
 j - the +2 ice dragon armour "Thretyi" {rF- rC++ Slay+1}
   (You found it in a bailey)

   It affects your accuracy and damage with ranged weapons and melee attacks
   (+1).
   It makes you vulnerable to fire.
   It greatly protects you from cold.
 t - a +0 pair of boots (worn)
 B - a +0 cloak (worn)
 S - a +2 pair of gloves (worn)
Jewellery
 d - an amulet of regeneration (around neck)
 f - an uncursed ring of ice
 p - an uncursed ring of protection from fire
 r - a ring of protection from fire (right hand)
 A - a ring of flight (left hand)
Magical devices
 k - a wand of hasting (3)
 l - a wand of confusion (18)
 u - a wand of disintegration (6)
 y - a wand of digging (3)
 I - a wand of magic darts (11)
 L - a wand of fireball (0)
 R - a wand of lightning (1)
Scrolls
 c - a scroll of recharging
 h - 15 scrolls of teleportation
 i - 5 scrolls of remove curse
 n - 3 scrolls of identify
 s - a scroll of holy word
 P - 3 scrolls of magic mapping
Potions
 e - a potion of might
 m - a potion of cure mutation
 o - a potion of agility
 q - 4 potions of curing
 z - 2 potions of cancellation
 C - 4 potions of resistance
 G - a potion of magic
Comestibles
 g - 8 royal jellies


   Skills:
 + Level 11.3(9.6) Fighting
 * Level 17.3(15.3) Axes
 + Level 2.4(1.0) Throwing
 + Level 9.9(8.2) Armour
 + Level 8.4(6.8) Dodging
 + Level 10.2(8.5) Stealth
 * Level 11.0(9.2) Evocations


You had 16 spell levels left.
You didn't know any spells.

Dungeon Overview and Level Annotations

Branches:
Dungeon (9/15)             Temple (0/1) D:4             Orc (4/4) D:9
    Elf (0/3) Orc:4          Lair (8/8) D:8          Shoals (5/5) Lair:3
  Snake (5/5) Lair:6        Slime (0/6) Lair:6

Altars:
Dithmenos
Fedhas
Gozag
Nemelex Xobeh
Okawaru
Ru
Vehumet
Xom
Zin
Beogh
Jiyva

Shops:
D:4 (   Orc:4 [?*[   Shoals:1 **

Annotations:
Shoals:1 exclusion: downstairs
Snake:1 exclusion: downstairs
Snake:2 Nikola, Vashnia
Snake:4 exclusion: downstairs
Snake:5 Wiglaf


Innate Abilities, Weirdness & Mutations

You have razor-sharp teeth.
You regenerate.
When hurt, damage is shared between your health and your magic reserves.
Your bite disrupts and absorbs the magic of your enemies.
Potions and wands cannot restore your health.
You are immune to rotting.
You have a somewhat thin skeletal structure (Dex +2, Stealth).
You have an uncontrollable temper.
You are very dopey. (Int -4)
You are somewhat resistant to both further mutation and mutation removal.
You passively map a small area around you.


Message History

Something hits your ogre! Something drains your ogre!
A sea snake comes into view.
Read which item? (? for menu, Esc to quit)
Okay, then.
Evoke which item? (* to show all) (? for menu, Esc to quit)
Zapping:
k - a wand of hasting (4)
Press: ? - help, Shift-Dir - straight line, f - you You feel yourself speed up.
You are very lightly contaminated with residual magic.
This wand has 3 charges left.
You feel sick. Something blocks your ogre's attack.
The sea snake bites your ogre.
Your ogre is poisoned.
The sea snake poisons your ogre! Something hits you but does no damage.
You feel drained. Something hits your ogre. The guardian serpent hits you!
* * * LOW HITPOINT WARNING * * *
Your ogre barely misses the sea snake.
The sea snake bites your ogre!!
Your ogre dies!
Your ogre's corpse disappears in a puff of smoke!
Something hits you!!
You die...

***,,,,,,,,*. *,,,,,,,,,,,,
*,*,,,,,,,,*. *,***,,,,,,,* *,*
*,,,,,,,, *,# *,,,,,,,,
*********#####** *.# **,,,,,,,
**≈≈*≈*≈♣≈.....######.# **,,,,,,
**≈**≈*≈≈≈≈≈≈♣S{@.....# **,,,,,
≈≈*≈≈≈≈≈≈≈**≈♣§≈#S....# **,,*,
≈≈≈≈≈≈≈≈≈≈≈≈≈S♣≈♣.....# *****
≈≈≈≈≈≈≈≈≈♣≈≈♣≈P♣♣.....#
≈≈≈≈≈≈≈≈≈≈≈*≈≈≈≈♣≈)(..#** *******
≈≈≈≈≈≈≈≈≈≈≈≈P≈≈≈≈≈♣.....* *,,,,,,
≈≈≈≈≈≈≈≈≈≈≈≈≈≈≈≈≈P♣.....#**,,,,,,
≈≈≈≈≈≈≈≈≈≈≈≈♣≈P≈P≈≈.....#*,,,,,,,
≈≈≈≈≈≈≈≈≈≈≈≈≈≈≈≈≈♣##..##*,,,,,,,,


You could see 2 sea snakes and a guardian serpent.

Vanquished Creatures
  A kraken (Shoals:5)
  Rupert (Snake:1)
  7 greater nagas (Snake:5)
  A dire elephant (Lair:8)
  A merfolk javelineer (Shoals:2)
  A merfolk impaler (Shoals:3)
  Fannar (Lair:2)
  10 naga warriors
  6 anacondas
  A deep troll shaman (Lair:8)
  The ghost of Amnekian the Cleaver, an experienced HOFi of Okawaru (D:9)
  9 death yaks
  A merfolk aquamancer (Shoals:5)
  5 naga sharpshooters
  A shock serpent (Snake:1)
  Nergalle (Lair:2)
  The ghost of Raxtorm the Basher, an experienced MiFi of Okawaru (D:7)
  A salamander mystic (Snake:5)
  3 sea snakes
  A hill giant (D:8)
  4 naga ritualists
  Erolcha (Orc:1)
  Pikel (D:4)
  13 harpies
  An orc sorcerer (Orc:1)
  2 orc knights (Orc:4)
  4 mana vipers (Snake:1)
  5 griffons
  3 fauns (Shoals:1)
  4 water nymphs
  6 sirens
  2 salamanders
  20 black mambas
  5 manticores
  2 drowned souls (Shoals:5)
  11 elephants (Lair:8)
  10 guardian serpents (Snake:5)
  2 torpor snails
  7 naga magi
  6 spiny frogs
  3 fire drakes
  7 komodo dragons
  A queen bee (Lair:1)
  13 merfolk
  A troll (Orc:4)
  A polar bear (Lair:8)
  A wind drake (Shoals:2)
  24 blink frogs
  2 snapping turtles
  4 basilisks
  2 water elementals (Shoals:1)
  53 yaks
  A human (D:9)
  Eustachio (D:6)
  A wyvern (D:9)
  2 mottled dragons
  12 nagas
  2 hogs (D:9)
  7 hippogriffs
  19 wolves
  A warg (Orc:1)
  6 swamp worms (Lair:5)
  21 water moccasins
  4 black bears
  2 phantoms
  4 slaves (D:4)
  7 necrophages
  4 ice beasts
  A boring beetle (Lair:6)
  5 ogres
  15 porcupines
  17 orc warriors
  12 crocodiles
  Duvessa (Orc:1)
  A big kobold (D:8)
  Blork the orc (D:7)
  10 giant frogs
  23 killer bees
  4 scorpions
  A vampire bat (Lair:3)
  4 electric eels
  Dowan (Orc:1)
  4 crimson imps
  14 hounds
  4 jellies
  A centaur skeleton (D:9)
  8 iguanas
  13 orc priests
  4 worker ants
  28 orc wizards
  24 sheep
  An ogre skeleton (D:4)
  A hound skeleton (D:8)
  13 gnolls
  21 adders
  23 green rats
  5 worms
  2 shadow imps
  An iguana skeleton (D:7)
  2 adder skeletons
  6 giant geckos
  An ooze (D:3)
  157 orcs
  20 bats
  6 giant cockroaches
  27 goblins
  18 hobgoblins
  4 jackals (D:2)
  19 kobolds
  17 quokkas
  A giant gecko skeleton (D:6)
  2 giant newts (D:1)
  A kobold skeleton (D:6)
  An orc zombie (Orc:3)
  15 rats
  A rat skeleton (D:4)
  A rat zombie (D:8)
  2 spectral orcs (Lair:2)
  10 fungi
  11 plants
954 creatures vanquished.

Vanquished Creatures (collateral kills)
  A greater naga (Snake:5)
  3 merfolk javelineers (Shoals:5)
  3 merfolk impalers
  2 hydras
  A naga warrior (Snake:5)
  Nessos (Shoals:1)
  2 anacondas (Snake:1)
  A satyr (Shoals:5)
  5 death yaks
  A merfolk avatar (Shoals:5)
  3 orc high priests (Orc:4)
  A catoblepas (Lair:8)
  2 sea snakes
  A naga ritualist (Snake:1)
  2 orc knights (Orc:4)
  2 water nymphs (Shoals:5)
  3 fauns (Shoals:5)
  6 orc sorcerers
  A cyclops (Shoals:3)
  3 black mambas
  A siren (Shoals:5)
  Joseph (D:7)
  Psyche (D:9)
  2 blue devils
  5 merfolk
  A two-headed ogre (D:8)
  Prince Ribbit (Orc:1)
  A snapping turtle (Shoals:1)
  A chaos spawn (Orc:4)
  6 orc warriors (Orc:4)
  5 orc zombies
  An ice beast (D:9)
  A giant frog (Lair:3)
  A scorpion (D:9)
  14 killer bees
  5 orc priests
  2 orc wizards (Orc:4)
  2 sheep (Shoals:3)
  9 orcs
  A giant cockroach (D:7)
105 creatures vanquished.

Vanquished Creatures (others)
  A shock serpent (Snake:1)
  2 deep trolls
  A mana viper (Snake:5)
  3 black mambas (Snake:5)
  2 drowned souls (Shoals:5)
  5 two-headed ogres
  7 trolls
  10 trapdoor spiders (Shoals:5)
  A redback (Shoals:5)
  5 spiders (Shoals:5)
  3 nagas
  11 ogres
  4 fungi (Lair:8)
  14 plants
  55 tentacles (Shoals:5)
  437 tentacle segments (Shoals:5)
561 creatures vanquished.

Grand Total: 1620 creatures vanquished

Notes
Turn   | Place    | Note
--------------------------------------------------------------
     0 | D:1      | Kashira, the Vine Stalker Berserker, began the quest for the Orb.
     0 | D:1      | Reached XP level 1. HP: 11/11 MP: 1/1
   300 | D:1      | Reached XP level 2. HP: 14/16 MP: 3/3
   358 | D:1      | Reached skill level 1 in Stealth
   492 | D:1      | Reached skill level 3 in Axes
   578 | D:1      | Acquired Trog's second power
   616 | D:2      | Reached XP level 3. HP: 20/20 MP: 4/4
   752 | D:2      | Reached XP level 4. HP: 19/24 MP: 5/5
   845 | D:2      | Found an opulent altar of Gozag.
   846 | D:2      | Found a sparkling altar of Nemelex Xobeh.
  1260 | D:2      | Reached XP level 5. HP: 17/28 MP: 5/7
  1476 | D:3      | Reached skill level 4 in Axes
  1489 | D:3      | Found a shimmering altar of Xom.
  1489 | D:3      | Found a shimmering altar of Xom.
  1493 | D:3      | Found a shimmering altar of Xom.
  1494 | D:3      | Found a shimmering altar of Xom.
  1496 | D:3      | Found a shimmering altar of Xom.
  1884 | D:4      | Gained mutation: You heal very quickly. [vine stalker growth]
  1884 | D:4      | Reached XP level 6. HP: 26/32 MP: 6/8
  1950 | D:4      | Found Bleriuc's Weapon Shoppe.
  2011 | D:4      | Noticed a slave
  2018 | D:4      | Noticed a slave
  2032 | D:4      | Killed a slave
  2046 | D:4      | Killed a slave
  2072 | D:4      | Noticed Pikel
  2073 | D:4      | Noticed a slave
  2074 | D:4      | Noticed a slave
  2078 | D:4      | Killed a slave
  2082 | D:4      | Killed a slave
  2086 | D:4      | Killed Pikel
  2086 | D:4      | Reached skill level 5 in Axes
  2086 | D:4      | Reached XP level 7. HP: 37/37 MP: 9/9
  2112 | D:4      | Found an iron altar of Okawaru.
  2145 | D:4      | Found a staircase to the Ecumenical Temple.
  2340 | D:5      | Entered Level 5 of the Dungeon
  2353 | D:5      | Acquired Trog's third power
  2479 | D:5      | Gained mutation: You have razor-sharp teeth. [vine stalker growth]
  2479 | D:5      | Reached XP level 8. HP: 33/42 MP: 11/11
  2938 | D:6      | Reached skill level 5 in Stealth
  3166 | D:6      | Reached skill level 6 in Axes
  3230 | D:6      | Noticed Eustachio
  3247 | D:6      | Killed Eustachio
  3432 | D:6      | Reached XP level 9. HP: 43/46 MP: 12/12
  3526 | D:7      | Noticed Joseph
  3537 | D:7      | Killed Joseph
  3541 | D:7      | Received a gift from Trog
  3590 | D:7      | Reached skill level 5 in Fighting
  3664 | D:7      | Noticed Raxtorm's ghost (experienced MiFi)
  3684 | D:7      | Killed Raxtorm's ghost
  3684 | D:7      | Reached skill level 7 in Axes
  3897 | D:7      | Noticed Blork the orc
  3900 | D:7      | Killed Blork the orc
  3900 | D:7      | Reached skill level 8 in Axes
  3979 | D:7      | Reached XP level 10. HP: 37/51 MP: 11/13
  4031 | D:7      | Reached skill level 5 in Dodging
  4270 | D:8      | Found a sacrificial altar of Ru.
  4271 | D:8      | Found a flagged portal.
  4283 | Bailey   | Entered a bailey
  4603 | Bailey   | Noticed an orc knight
  4603 | Bailey   | Noticed an orc knight
  4694 | Bailey   | Got a shimmering ice dragon armour
  4721 | Bailey   | Identified the +2 ice dragon armour "Thretyi" {rF- rC++ Slay+1} (You found it in a bailey)
  4797 | D:8      | Found a radiant altar of Vehumet.
  4826 | D:8      | Received a gift from Trog
  4843 | D:8      | Found a blossoming altar of Fedhas.
  4979 | D:8      | Reached skill level 5 in Armour
  5076 | D:8      | Noticed a hill giant
  5082 | D:8      | Killed a hill giant
  5082 | D:8      | Reached skill level 1 in Evocations
  5161 | D:8      | Reached skill level 9 in Axes
  5411 | D:8      | Found a staircase to the Lair.
  5440 | Lair:1   | Entered Level 1 of the Lair of Beasts
  5472 | Lair:1   | Noticed a black mamba
  5480 | Lair:1   | Killed a black mamba
  5480 | Lair:1   | Reached XP level 11. HP: 25/56 MP: 8/18
  5595 | Lair:1   | Received a gift from Trog
  5910 | D:9      | Got a smoking dagger
  6033 | D:9      | Noticed Amnekian's ghost (experienced HOFi)
  6048 | D:9      | Killed Amnekian's ghost
  6048 | D:9      | Reached skill level 10 in Axes
  6093 | D:9      | Noticed Psyche
  6098 | D:9      | Killed Psyche
  6159 | D:9      | Found a roughly hewn altar of Beogh.
  6184 | D:9      | Found a staircase to the Orcish Mines.
  6383 | Orc:1    | Entered Level 1 of the Orcish Mines
  6383 | Orc:1    | Noticed Erolcha
  6394 | Orc:1    | Killed Erolcha
  6507 | Orc:1    | Noticed Prince Ribbit
  6518 | Orc:1    | Killed Prince Ribbit
  6573 | Orc:1    | Received a gift from Trog
  6672 | Orc:1    | Noticed Duvessa
  6674 | Orc:1    | Noticed Dowan
  6680 | Orc:1    | Killed Duvessa
  6682 | Orc:1    | Killed Dowan
  7141 | Orc:1    | Found a glowing silver altar of Zin.
  7920 | Orc:4    | Entered Level 4 of the Orcish Mines
  7927 | Orc:4    | Received a gift from Trog
  7936 | Orc:4    | Got a fine longbow {god gift}
  8030 | Orc:4    | Found a staircase to the Elven Halls.
  8158 | Orc:4    | Noticed an orc knight
  8159 | Orc:4    | Killed an orc knight
  8160 | Orc:4    | Noticed an orc high priest
  8160 | Orc:4    | Killed an orc high priest
  8163 | Orc:4    | Noticed an orc high priest
  8163 | Orc:4    | Killed an orc high priest
  8163 | Orc:4    | Reached skill level 11 in Axes
  8163 | Orc:4    | Gained mutation: You regenerate. [vine stalker growth]
  8163 | Orc:4    | Reached XP level 12. HP: 56/63 MP: 18/22
  8173 | Orc:4    | Found Lolamasa's Armour Boutique.
  8178 | Orc:4    | Noticed an orc knight
  8182 | Orc:4    | Found Winanon's General Store.
  8183 | Orc:4    | Noticed an orc high priest
  8183 | Orc:4    | Noticed an orc knight
  8187 | Orc:4    | Noticed an orc knight
  8187 | Orc:4    | Killed an orc knight
  8187 | Orc:4    | Received a gift from Trog
  8745 | Orc:4    | Killed an orc high priest
  8748 | Orc:4    | Reached skill level 5 in Evocations
  8774 | Orc:4    | Found Iraraucu's Armour Shoppe.
  8799 | Orc:4    | Killed an orc knight
  8802 | Orc:4    | Killed an orc knight
  8816 | Orc:4    | Bought a scroll of noise for 14 gold pieces
  8816 | Orc:4    | Bought a scroll of summoning for 133 gold pieces
  8816 | Orc:4    | Bought a scroll of identify for 28 gold pieces
  8818 | Orc:4    | Found Blaojoso's Magic Scroll Boutique.
  8827 | Orc:4    | Bought a scroll of identify for 26 gold pieces
  8827 | Orc:4    | Bought a scroll of identify for 26 gold pieces
  8827 | Orc:4    | Bought a scroll of vulnerability for 97 gold pieces
  8827 | Orc:4    | Bought a scroll of identify for 26 gold pieces
  8827 | Orc:4    | Bought a scroll of identify for 26 gold pieces
  8827 | Orc:4    | Bought a scroll of teleportation for 39 gold pieces
  8827 | Orc:4    | Bought a scroll of blinking for 97 gold pieces
  8827 | Orc:4    | Bought 3 scrolls of magic mapping for 136 gold pieces
  8828 | Orc:4    | Bought a scroll of amnesia for 45 gold pieces
  8860 | Orc:4    | Bought a sack of spiders for 280 gold pieces
  8865 | Orc:4    | Bought a wand of lightning (4) for 112 gold pieces
  8865 | Orc:4    | Bought a +1 pair of gloves for 161 gold pieces
  9864 | Lair:2   | Gained mutation: Armour fits poorly on your strangely shaped body. [potion of mutation]
  9864 | Lair:2   | Gained mutation: You have a pair of small antennae on your head. [potion of mutation]
  9864 | Lair:2   | Gained mutation: You evolve. [potion of mutation]
  9974 | Lair:2   | Noticed Nergalle
  9987 | Lair:2   | Killed Nergalle
 10108 | Lair:2   | Reached skill level 12 in Axes
 10309 | Lair:2   | Gained mutation: Your system is resistant to poisons. [evolution]
 10468 | Lair:2   | Noticed Fannar
 10492 | Lair:2   | Killed Fannar
 10704 | Lair:3   | Found a staircase to the Shoals.
 10707 | Lair:3   | Lost mutation: You evolve. [potion of mutation]
 10707 | Lair:3   | Gained mutation: You are dopey. (Int -2) [potion of mutation]
 10707 | Lair:3   | Lost mutation: Your system is resistant to poisons. [potion of mutation]
 10898 | Lair:3   | Found a staircase to the Swamp.
 11037 | Lair:3   | Received a gift from Trog
 11317 | Lair:3   | Noticed a four-headed hydra
 11322 | Lair:3   | Killed a four-headed hydra
 11322 | Lair:3   | Reached XP level 13. HP: 68/68 MP: 24/24
 12027 | Lair:4   | Received a gift from Trog
 12135 | Lair:4   | Reached skill level 13 in Axes
 12962 | Lair:5   | Found a staircase to the Swamp.
 13469 | Lair:6   | Received a gift from Trog
 13518 | Lair:6   | Found a shadowy altar of Dithmenos.
 13539 | Lair:6   | Found a staircase to the Slime Pits.
 13541 | Lair:6   | Found a viscous altar of Jiyva.
 13774 | Lair:6   | Found a staircase to the Snake Pit.
 14111 | Lair:7   | Reached XP level 14. HP: 74/74 MP: 27/27
 14240 | Lair:7   | Reached skill level 14 in Axes
 14765 | Lair:7   | Reached skill level 10 in Stealth
 15082 | Lair:8   | Entered Level 8 of the Lair of Beasts
 15668 | Lair:8   | Received a gift from Trog
 15794 | Lair:8   | Lost mutation: Armour fits poorly on your strangely shaped body. [potion of mutation]
 15794 | Lair:8   | Gained mutation: You tend to lose your temper in combat. [potion of mutation]
 16533 | Orc:4    | Bought a +2 plate armour of poison resistance for 407 gold pieces
 16796 | Shoals:1 | Entered Level 1 of the Shoals
 16816 | Shoals:1 | Found Rierph's Assorted Antiques.
 16837 | Shoals:1 | Reached skill level 15 in Axes
 16847 | Shoals:1 | Reached XP level 15. HP: 75/80 MP: 28/28
 16862 | Shoals:1 | Bought a potion of mutation for 85 gold pieces
 16862 | Shoals:1 | Bought a scroll of identify for 68 gold pieces
 16862 | Shoals:1 | Bought a potion of might for 85 gold pieces
 16863 | Shoals:1 | Gained mutation: You are very dopey. (Int -4) [potion of mutation]
 16863 | Shoals:1 | Gained mutation: You are partially covered in icy blue scales (AC +1). [potion of mutation]
 16863 | Shoals:1 | Gained mutation: You passively map a small area around you. [potion of mutation]
 16923 | Shoals:1 | Noticed Nessos
 16947 | Shoals:1 | Killed Nessos
 17035 | Shoals:1 | Found Woalosch's Assorted Antiques.
 17052 | Shoals:1 | Bought a potion of curing for 60 gold pieces
 17052 | Shoals:1 | Bought a sapphire ring for 150 gold pieces
 17360 | Shoals:2 | Reached skill level 10 in Fighting
 17803 | Shoals:4 | Received a gift from Trog
 17953 | Shoals:5 | Entered Level 5 of the Shoals
 18626 | Shoals:5 | Noticed a kraken
 18963 | Shoals:5 | Killed a kraken
 19127 | Shoals:5 | Got a barnacled rune of Zot
 19276 | Shoals:2 | Reached skill level 16 in Axes
 19774 | Lair:6   | Reached skill level 10 in Evocations
 19785 | Lair:6   | Received a gift from Trog
 19812 | Snake:1  | Entered Level 1 of the Snake Pit
 19881 | Snake:1  | Noticed Rupert
 19884 | Snake:1  | Paralysed by Rupert for 4 turns
 19897 | Snake:1  | Killed Rupert
 19971 | Snake:1  | Reached XP level 16. HP: 75/86 MP: 27/30
 20730 | Snake:2  | Noticed Vashnia
 21106 | Snake:2  | Noticed Nikola
 21410 | Snake:5  | Entered Level 5 of the Snake Pit
 21470 | Snake:5  | Gained mutation: You have a somewhat thin skeletal structure (Dex +2, Stealth). [mutagenic meat]
 21479 | Snake:5  | Lost mutation: You are partially covered in icy blue scales (AC +1). [mutagenic meat]
 21480 | Snake:5  | Gained mutation: You are somewhat resistant to further mutation. [mutagenic meat]
 21873 | Snake:5  | Reached skill level 1 in Throwing
 22141 | Snake:5  | Reached skill level 17 in Axes
 22191 | Snake:5  | Gained mutation: You occasionally shout uncontrollably at your foes. [mutagenic meat]
 22192 | Snake:5  | Lost mutation: You occasionally shout uncontrollably at your foes. [mutagenic meat]
 22193 | Snake:5  | Gained mutation: You often lose your temper in combat. [mutagenic meat]
 22215 | Snake:5  | Lost mutation: You have a pair of small antennae on your head. [mutagenic meat]
 22540 | Snake:5  | Reached XP level 17. HP: 81/91 MP: 28/32
 22634 | Snake:5  | Received a gift from Trog
 22668 | Snake:5  | Gained mutation: You have an uncontrollable temper. [mutagenic meat]
 22669 | Snake:5  | Gained mutation: You are somewhat resistant to both further mutation and mutation removal. [mutagenic meat]
 22713 | Snake:5  | Got a warped eveningstar {drain}
 22717 | Snake:5  | Identified the +6 eveningstar "Rotabie" {drain, rElec rPois} (You took it off a naga warrior on level 5 of the Snake Pit)
 22734 | Snake:5  | Got a serpentine rune of Zot
 22776 | Snake:5  | Noticed Wiglaf
 22781 | Snake:5  | Slain by Wiglaf

Action                   |  1- 3 |  4- 6 |  7- 9 | 10-12 | 13-15 | 16-18 || total
-------------------------+-------+-------+-------+-------+-------+-------++-------
Melee: Hand axe          |    63 |   179 |   107 |   127 |       |       ||   476
       War axe           |       |       |   223 |   357 |   201 |       ||   781
       Broad axe         |       |       |       |   337 |       |       ||   337
       Battleaxe         |       |       |       |       |   690 |   296 ||   986
Throw: Javelin           |       |       |       |    27 |    41 |    76 ||   144
       Tomahawk          |       |       |       |       |     6 |       ||     6
Invok: Berserk           |     2 |     2 |     7 |    17 |    13 |     7 ||    48
       Trog's Hand       |       |     1 |       |     1 |     6 |     2 ||    10
       Brothers in Arms  |       |       |     2 |    17 |    15 |     9 ||    43
 Abil: Evoke Flight      |       |       |       |     2 |     6 |       ||     8
Evoke: Wand              |       |       |       |    19 |     9 |     6 ||    34
       Sack of spiders   |       |       |       |       |     8 |       ||     8
  Use: Scroll            |       |     6 |     2 |    17 |    16 |     9 ||    50
       Potion            |       |       |       |     3 |     4 |     5 ||    12
 Stab: Sleeping          |       |       |     1 |    13 |    12 |       ||    26
       Distracted        |       |       |       |     3 |     1 |       ||     4
  Eat: Chunk             |       |     4 |     8 |    19 |     7 |    17 ||    55
       Meat ration       |       |     1 |       |     2 |     4 |       ||     7
       Beef jerky        |       |       |     2 |     3 |     1 |       ||     6
       Pizza             |       |       |     1 |     3 |     3 |       ||     7
       Bread ration      |       |       |     1 |     1 |     4 |     4 ||    10
       Royal jelly       |       |       |       |     1 |       |     1 ||     2
       Fruit             |       |       |       |     1 |       |     5 ||     6
